 Dungeon Crawl Stone Soup version 0.28-a0-804-g60983d4ba9 (webtiles) character file.

Game seed: 10426522244599972511

21 lawman0 the Grasshopper (level 2, -2/23 HPs)
             Began as a Barachi Warper on Nov 7, 2021.
             Was a Believer of Elyvilon.
             Slain by a worm (10 damage)
             ... on level 2 of the Dungeon.
             The game lasted 00:03:13 (1491 turns).

lawman0 the Grasshopper (Barachi Warper)            Turns: 1491, Time: 00:03:14

Health: -2/23      AC:  3    Str: 12    XL:     2   Next: 87%
Magic:  5/5        EV: 11    Int: 13    God:    Elyvilon [**....]
Gold:   74         SH:  0    Dex: 11    Spells: 3/5 levels left

rFire   . . .      SeeInvis .   a - +0 falchion
rCold   . . .      Faith    .   (no shield)
rNeg    . . .      Spirit   .   b - +0 leather armour
rPois   .          Reflect  .   (no helmet)
rElec   .          Harm     .   (no cloak)
rCorr   .          Rampage  .   (no gloves)
Will    +....                   (no boots)
Stlth   +.........              (no amulet)
HPRegen 0.07/turn               k - ring of willpower
MPRegen 0.09/turn               (no ring)

@: slow
A: amphibious, slowness 1, strong legs 1, +LOS
a: Hop, Renounce Religion, Purification, Heal Other


You were on level 2 of the Dungeon.
You worshipped Elyvilon.
Elyvilon was pleased with you.
You visited 1 branch of the dungeon, and saw 2 of its levels.

You collected 74 gold pieces.

Inventory:

Hand Weapons
 a - a +0 falchion (weapon)
Missiles
 d - 5 boomerangs of dispersal (quivered)
Armour
 b - a +0 leather armour (worn)
Magical Staves
 f - a staff of air
Jewellery
 k - a ring of willpower (left hand)
Scrolls
 c - a scroll of blinking
 g - a scroll of teleportation
 h - a scroll of magic mapping {unknown}
 l - a scroll of identify {unknown}
Potions
 j - a potion of brilliance {unknown}


   Skills:
 + Level 2.4 Fighting
 * Level 3.0 Long Blades
 + Level 1.0 Throwing
 + Level 1.8 Armour
 + Level 2.3 Dodging
 + Level 2.3 Spellcasting
 * Level 3.5 Translocations


You had 3 spell levels left.
You knew the following spells:

 Your Spells              Type           Power      Damage    Failure   Level
a - Blink                 Tloc           20%        N/A       11%         2

Your spell library contained the following spells:

 Spells                   Type           Power      Damage    Failure   Level
 Gell's Gravitas          Tloc           10%        N/A       22%         3
 Lesser Beckoning         Tloc           10%        N/A       22%         3
 Teleport Other           Tloc           10%        N/A       22%         3
 Manifold Assault         Tloc           10%        N/A       90%         5


Dungeon Overview and Level Annotations

Branches:
Dungeon (2/15)

Altars:
Elyvilon


Innate Abilities, Weirdness & Mutations

You are amphibious.
You cover ground slowly.
You can hop short distances.
You have an extended range of vision and can be seen from far away.


Message History

Okay, then.
Press: ? - help, Dir - move target, f - worm Heal: a worm (chance to pacify: 15%)
Okay, then.
It was a potion of cancellation.
You feel magically purged.
It was a potion of heal wounds.
You feel much better.
You hit the worm.
The worm is lightly wounded.
You slash the worm!
The worm is heavily wounded.
The worm bites you.
You hit the worm but do no damage.
The worm is heavily wounded.
The worm bites you.
You hit the worm.
The worm is severely wounded.
You hit the worm.
The worm is severely wounded.
The worm closely misses you.
You hit the worm.
The worm is severely wounded.
The worm closely misses you.
You barely miss the worm.
The worm is severely wounded.
You hit the worm but do no damage.
The worm is severely wounded.
The worm bites you.
You barely miss the worm.
The worm is severely wounded.
The worm bites you!
You hit the worm.
The worm is severely wounded.
The worm barely misses you.
Unknown command.
You hit the worm but do no damage.
The worm is severely wounded.
You hit the worm.
The worm is severely wounded.
The worm bites you!
You die...

########### ###
#.........# ..#
##.#######.# #.#
#####...######.###
###.#
#.....#..........#
....#######
#.###...######(#.#
..........###.# ##.##
#.#.#
##.........##.####.##
#.#.#
......###.......@w..#
#.#.# ###..##
##.##.####..# #.#.#
###..# ##.##.# #..#
#.#.# ...[.# #>...#.#
#..######.#.# .w...#
.#.....#
#.w.......#w#
##..#.##....###
##.########.#
#.###.#.#.## #.# #.#
##)#..#.#.# #.# #.#
##.......#### #.# #.#


You could see a worm.

Vanquished Creatures
  2 endoplasms (D:1)
  2 giant cockroaches
  A goblin (D:1)
  A hobgoblin (D:1)
  2 quokkas (D:1)
  A ball python (D:1)
  2 bats
  A frilled lizard (D:2)
  4 kobolds
  2 rats
18 creatures vanquished.

Vanquished Creatures (others)
  A giant cockroach (D:2)
1 creature vanquished.

Grand Total: 19 creatures vanquished

Notes
Turn   | Place    | Note
-------+----------+-------------------------------------------
     0 | D:1      | lawman0 the Barachi Warper began the quest for the Orb.
     0 | D:1      | Reached XP level 1. HP: 17/17 MP: 3/3
    57 | D:1      | Found a faded altar of an unknown god.
    88 | D:1      | Prayed at the altar of an unknown god.
    88 | D:1      | Became a worshipper of Elyvilon the Healer
    88 | D:1      | Reached * piety under Elyvilon
   419 | D:1      | Reached XP level 2. HP: 23/23 MP: 5/5
   448 | D:1      | Learned a level 2 spell: Blink
   860 | D:1      | Reached ** piety under Elyvilon
  1451 | D:2      | Elyvilon protects you from harm!
  1491 | D:2      | Slain by a worm

Illustrated notes

Levels and vault maps discovered:
D:1:      eino_arrival_tree_alley, layout_loops_ring,
          chequers_ecumenical_altar_island, roderic_roman_lattice
D:2:      layout_loops_ring

Skill      XL: |  1  2 |
---------------+-------+-----
Long Blades    | 3 |  3.0
Fighting       | |  2.4
Throwing       | |  1.0
Armour         | |  1.8
Dodging        | |  2.3
Spellcasting   | |  2.3
Translocations | |  3.5

Action                   || total
-------------------------++-------
Melee: Falchion          ||    72
Invok: Heal Other        ||     2
  Use: Potion            ||     2
       Scroll            ||     1
Armor: Leather armour    ||    19
Dodge: Dodged            ||    36

Table legend: (Time is in decaauts)
 A = Elapsed time spent in this place.
 B = Non-inter-level travel time spent in this place.
 C = Inter-level travel time spent in this place.
 D = Time resting spent in this place.
 E = Time spent auto-exploring this place.
 F = Levels seen in this place.
 G = Mean time per level.
                   A        B        C        D        E       F      G
               +--------+--------+--------+--------+--------+-----+--------+
         Total |   1673 |   1617 |     56 |    363 |    848 |   2 |  836.5 |
       Dungeon |   1673 |   1617 |     56 |    363 |    848 |   2 |  836.5 |
               +--------+--------+--------+--------+--------+-----+--------+

Top non-repeatable levels by time:
     D:1: 1118 daAuts
     D:2: 554 daAuts
